 Dungeon Crawl Stone Soup version 0.19.3-4-gbf9329e (webtiles) character file.

5315 markt42 the Cleaver (level 10, 0/90 HPs)
             Began as a Minotaur Fighter on Jan 28, 2017.
             Was a Priest of Okawaru.
             Slain by Snorg (17 damage)
             ... on level 10 of the Dungeon.
             The game lasted 00:08:35 (8379 turns).

markt42 the Cleaver (Minotaur Fighter)              Turns: 8379, Time: 00:08:36

Health: 0/90       AC: 21    Str: 21    XL:     10   Next: 37%
Magic:  9/9        EV:  7    Int:  5    God:    Okawaru [***...]
Gold:   498        SH:  3    Dex: 13    Spells: 0 memorised, 9 levels left

rFire  . . .     SeeInvis .     G - +9 executioner's axe of Descent {freeze, +Rage}
rCold  . . .     Gourm    .     P - +3 plate armour
rNeg   + . .     Faith    .     (shield currently unavailable)
rPois  .         Spirit   .     (helmet restricted)
rElec  .         Reflect  +     O - +0 cloak
rCorr  .         Harm     .     o - +0 pair of gloves
MR     .....                    d - +2 pair of boots of the Assassin {DetectMon Stab+ Stlth++}
Stlth  ..........               A - +3 amulet of reflection
                                (no ring)
                                C - ring of positive energy

@: no status effects
A: retaliatory headbutt, horns 2
a: Heroism, Renounce Religion, Evoke Berserk Rage


You were on level 10 of the Dungeon.
You worshipped Okawaru.
Okawaru was most pleased with you.
You were hungry.

You visited 2 branches of the dungeon, and saw 11 of its levels.
You also visited: Sewer.

You collected 498 gold pieces.

Inventory:

Hand Weapons
 G - the +9 executioner's axe of Descent (weapon) {freeze, +Rage}
   (You acquired it on level 9 of the Dungeon)

   It has been specially enchanted to freeze those struck by it, causing extra
   injury to most foes and up to half again as much damage against particularly
   susceptible opponents.
   It can also slow down cold-blooded creatures.
   It lets you go berserk.
Armour
 c - a +0 shield
 d - the +2 pair of boots of the Assassin (worn) {DetectMon Stab+ Stlth++}
   (You acquired it in a sewer)

   It makes you much more stealthy.
 o - a +0 pair of gloves (worn)
 O - a +0 cloak (worn)
 P - a +3 plate armour (worn)
Jewellery
 r - an uncursed amulet of the gourmand
 A - a +3 amulet of reflection (around neck)
 C - a ring of positive energy (left hand)
Wands
 b - a wand of disintegration (6/24)
 w - a wand of iceblast (6/15)
 y - a wand of digging (13/24)
 B - a wand of hasting (2/9)
 D - a wand of random effects (25/48)
Scrolls
 a - a scroll of amnesia
 g - 6 scrolls of identify
 i - 2 scrolls of enchant weapon
 k - 4 scrolls of remove curse
 q - a scroll of blinking
 v - a scroll of fear
 x - a scroll of teleportation
 K - a scroll of recharging
Potions
 l - 3 potions of resistance
 n - 4 potions of curing
 t - 2 potions of flight
 u - a potion of agility
Comestibles
 f - 4 bread rations
 h - 7 beef jerkies
 m - 6 meat rations
 p - 10 slices of pizza
 s - 2 royal jellies
 z - 3 fruits


   Skills:
 * Level 8.8 Fighting
 * Level 13.9 Axes
 + Level 6.3 Armour
 + Level 2.5 Dodging
 + Level 7.0 Shields


You had 9 spell levels left.
You didn't know any spells.

Dungeon Overview and Level Annotations

Branches:
Dungeon (10/15)            Temple (1/1) D:6            Lair (0/6) D:9
    Orc: D:9-12

Altars:
Ashenzari
Cheibriados
Dithmenos
Elyvilon
Fedhas
Gozag
Hepliaklqana
Kikubaaqudgha
Makhleb
Nemelex Xobeh
Okawaru
Qazlal
Ru
Sif Muna
Trog
Uskayaw
Vehumet
Xom
Yredelemnul
Zin
The Shining One

Shops:
D:4 *

Annotations:
D:10 Snorg


Innate Abilities, Weirdness & Mutations

You reflexively headbutt those who attack you in melee.
You have a pair of horns on your head.


Message History

Snorg closely misses you. You furiously retaliate!
You headbutt Snorg. Snorg barely misses you. Snorg claws you! Snorg bites you!
Snorg barely misses you. Snorg claws you but does no damage.
You slice Snorg!! You freeze Snorg. Your headbutt misses Snorg.
Snorg is severely wounded.
You are feeling hungry.
You block Snorg's attack. Snorg claws you but does no damage. Snorg claws you!
Snorg bites you! You block Snorg's attack. Snorg barely misses you.
You slash Snorg! You freeze Snorg.
Snorg is severely wounded.
Snorg barely misses you. You furiously retaliate!
You headbutt Snorg! Snorg claws you. You block Snorg's attack.
Snorg closely misses you. You furiously retaliate!
You headbutt Snorg. Snorg claws you but does no damage. x2
You slice Snorg!! You freeze Snorg. Your headbutt misses Snorg.
Snorg is almost dead.
Snorg bites you!!
* * * LOW HITPOINT WARNING * * *
Snorg claws you!
You die...

........#..............#
........#..............#
###....#######....######
.....#...............#
#...............#
#...............#
#............>..#
#.......<.......#
#....@###########
.......T# .!......#
........# ........#
...##...# ... #.... ..
#....


You could see Snorg (berserk).

Vanquished Creatures
  A hornet (D:7)
  A hippogriff (D:7)
  A yak (D:9)
  A human (D:9)
  A wyvern (D:9)
  4 hogs (D:9)
  Grum (D:8)
  The ghost of Feta the Shield-Bearer, an amateur GrFi (D:3)
  A water moccasin (D:9)
  A black bear (D:3)
  Purgy (Sewer)
  2 ice beasts (D:7)
  2 sky beasts
  An orc warrior (D:8)
  5 ogres
  4 wolves (D:8)
  5 bullfrogs
  2 scorpions
  3 killer bees (D:10)
  5 wights (D:7)
  6 howler monkeys
  5 crimson imps
  5 hounds
  Crazy Yiuf (D:7)
  4 orc priests
  A centaur skeleton (D:9)
  6 jellies
  A bullfrog skeleton (D:8)
  An iguana (D:6)
  2 worker ants
  5 orc wizards
  9 adders
  A river rat (D:3)
  2 shadow imps
  An adder zombie (D:7)
  4 worms
  5 dart slugs
  3 leopard geckos
  29 orcs
  6 bats
  9 giant cockroaches
  6 goblins
  3 hobgoblins
  2 jackals (Sewer)
  A ball python skeleton (D:4)
  6 frilled lizards
  A goblin skeleton (D:7)
  2 hobgoblin zombies (D:7)
  11 kobolds
  A kobold skeleton (D:7)
  2 kobold zombies (D:7)
  2 orc zombies (D:7)
  8 rats
194 creatures vanquished.

Vanquished Creatures (others)
  A centaur (D:7)
1 creature vanquished.

Grand Total: 195 creatures vanquished

Notes
Turn   | Place    | Note
-------+----------+-------------------------------------------
     0 | D:1      | markt42 the Minotaur Fighter began the quest for the Orb.
     0 | D:1      | Reached XP level 1. HP: 19/19 MP: 0/0
   145 | D:1      | Reached XP level 2. HP: 23/27 MP: 1/1
   231 | D:1      | Reached skill level 3 in Axes
   548 | D:1      | Reached XP level 3. HP: 33/33 MP: 2/2
  1015 | D:2      | Found a glowing silver altar of Zin.
  1016 | D:2      | Found a stormy altar of Qazlal.
  1691 | D:3      | Found a glowing drain.
  1700 | D:3      | Reached skill level 4 in Axes
  1700 | D:3      | Reached XP level 4. HP: 37/40 MP: 3/3
  1716 | Sewer    | Entered a sewer
  1785 | Sewer    | Noticed Purgy
  1793 | Sewer    | Killed Purgy
  1793 | Sewer    | Reached skill level 5 in Axes
  1793 | Sewer    | Reached XP level 5. HP: 38/47 MP: 4/4
  1824 | Sewer    | Identified a scroll of acquirement
  2045 | D:3      | Noticed a black bear
  2053 | D:3      | Killed a black bear
  2053 | D:3      | Reached skill level 6 in Axes
  2053 | D:3      | Reached XP level 6. HP: 47/55 MP: 5/5
  2241 | D:3      | Noticed Feta's ghost (amateur GrFi)
  2255 | D:3      | Killed Feta's ghost
  2255 | D:3      | Reached skill level 5 in Fighting
  2696 | D:3      | Reached skill level 1 in Dodging
  2701 | D:3      | Reached skill level 7 in Axes
  2816 | D:4      | Found Usewkon's General Store.
  2824 | D:4      | Reached XP level 7. HP: 61/61 MP: 6/6
  2999 | D:4      | Reached skill level 8 in Axes
  3548 | D:5      | Entered Level 5 of the Dungeon
  3554 | D:5      | Found a hide-covered altar of Uskayaw.
  3599 | D:5      | Reached skill level 9 in Axes
  3599 | D:5      | Reached skill level 5 in Shields
  3599 | D:5      | Reached XP level 8. HP: 24/70 MP: 7/7
  3603 | D:5      | Gained mutation: Your body sometimes deteriorates upon taking damage. [mutagenic meat]
  3604 | D:5      | Gained mutation: You are agile. (Dex +2) [mutagenic meat]
  3605 | D:5      | Gained mutation: You passively map a small area around you. [mutagenic meat]
  3875 | D:5      | Gained mutation: Your system is resistant to poisons. (rPois) [potion of mutation]
  3875 | D:5      | Gained mutation: You are very agile. (Dex +4) [potion of mutation]
  4441 | D:6      | Found a staircase to the Ecumenical Temple.
  4453 | Temple   | Entered the Ecumenical Temple
  4596 | Temple   | Became a worshipper of Warmaster Okawaru
  4672 | D:6      | Reached skill level 10 in Axes
  5171 | D:7      | Found a runed door.
  5237 | D:7      | Reached skill level 5 in Armour
  5239 | D:7      | Noticed a hornet
  5245 | D:7      | Killed a hornet
  5245 | D:7      | Reached skill level 11 in Axes
  5245 | D:7      | Reached XP level 9. HP: 79/79 MP: 8/8
  5336 | D:7      | Found a glowing golden altar of the Shining One.
  5398 | D:7      | Reached * piety under Okawaru
  5756 | D:7      | Reached skill level 12 in Axes
  5899 | D:7      | Noticed Crazy Yiuf
  5902 | D:7      | Killed Crazy Yiuf
  6014 | D:8      | Found a snail-covered altar of Cheibriados.
  6087 | D:8      | Lost mutation: Your body sometimes deteriorates upon taking damage. [potion of cure mutation]
  6087 | D:8      | Lost mutation: You are very agile. (Dex +4) [potion of cure mutation]
  6087 | D:8      | Lost mutation: You are agile. (Dex +2) [potion of cure mutation]
  6087 | D:8      | Lost mutation: Your system is resistant to poisons. (rPois) [potion of cure mutation]
  6087 | D:8      | Lost mutation: You passively map a small area around you. [potion of cure mutation]
  6501 | D:8      | Reached ** piety under Okawaru
  6765 | D:8      | Noticed Grum
  6794 | D:8      | Killed Grum
  6985 | D:8      | Reached skill level 13 in Axes
  7358 | D:9      | Found a staircase to the Lair.
  7671 | D:9      | Reached XP level 10. HP: 89/89 MP: 9/9
  7841 | D:9      | Got a brightly glowing executioner's axe
  7847 | D:9      | Identified the +9 executioner's axe of Descent {freeze, +Rage} (You acquired it on level 9 of the Dungeon)
  8023 | D:9      | Reached *** piety under Okawaru
  8131 | D:10     | Entered Level 10 of the Dungeon
  8371 | D:10     | Noticed Snorg
  8379 | D:10     | Slain by Snorg

Skill      XL: |  1  2  3  4  5  6  7  8  9 10 |
---------------+-------------------------------+-----
Axes           | 3 4 5 6 7 9 11 13 | 13.9
Fighting       | 4 5 6 7 8 |  8.8
Shields        | 4 5 6 7 |  7.0
Armour         | 4 5 6 |  6.3
Dodging        | 1 2 |  2.5

Action                   |  1- 3 |  4- 6 |  7- 9 | 10-12 || total
-------------------------+-------+-------+-------+-------++-------
Melee: War axe           |    81 |    81 |   314 |    23 ||   499
       Headbutt          |    11 |    14 |    73 |    11 ||   109
       Executioner's axe |       |       |       |    28 ||    28
  Use: Potion            |       |     5 |     7 |     1 ||    13
       Scroll            |       |     9 |     7 |     3 ||    19
 Stab: Sleeping          |       |     4 |     4 |       ||     8
  Eat: Chunk             |     2 |    11 |    10 |     4 ||    27
Armor: Scale mail        |    45 |    36 |    20 |       ||   101
       Chain mail        |       |       |    57 |       ||    57
       Plate armour      |       |       |    37 |    40 ||    77
Dodge: Dodged            |    30 |    24 |    49 |    22 ||   125
Block: Shield            |    33 |    37 |   157 |    11 ||   238
       Reflection        |       |       |     3 |       ||     3
       Other             |       |       |       |     6 ||     6
